 Seeded DCSS version 0.29.1-15-g9cfb28693d (webtiles) character file.

Game seed: 16814609885328743250 (custom seed)

11 Gelion the Sneak (level 2, 18/18 HPs)
             Began as a Kobold Brigand on June 18, 2023.
             Was a High Priest of Ignis.
             Quit the game on level 1 of the Dungeon on June 19, 2023.
             The game lasted 00:02:25 (416 turns).

Gelion the Sneak (Kobold Brigand)                    Turns: 416, Time: 00:02:26

Health: 18/18      AC:  3    Str:  8    XL:     2   Next: 35%
Magic:  2/2        EV: 14    Int: 12    God:    Ignis [*****.]
Gold:   15         SH:  0    Dex: 16    Spells: 1/1 levels left

rFire   + . .      SeeInvis .   l - +1 dagger (elec)
rCold   . . .      Faith    .   (no shield)
rNeg    . . .      Spirit   .   b - +0 robe
rPois   .          Reflect  .   (no helmet)
rElec   .          Harm     .   c - +0 cloak
rCorr   .          Rampage  .   (no gloves)
Will    .....                   (no boots)
Stlth   ++++......              (no amulet)
HPRegen 0.06/turn               (no ring)
MPRegen 0.08/turn               (no ring)

@: no status effects
A: small, no large weapons, nightstalker 3
a: Renounce Religion, Fiery Armour, Foxfire Swarm, Rising Flame


You were on level 1 of the Dungeon.
You worshipped Ignis.
Ignis was extremely pleased with you.
You visited 1 branch of the dungeon, and saw 1 of its levels.

You collected 15 gold pieces.

Inventory:

Hand Weapons
 l - a +1 dagger of electrocution (weapon)
Missiles
 d - 9 poisoned darts (quivered)
 e - 3 curare-tipped darts
Armour
 b - a +0 robe (worn)
 c - a +0 cloak (worn)
Scrolls
 f - 3 scrolls of identify {unknown}
 h - a scroll of teleportation {unknown}
 j - 2 scrolls of noise {unknown}
 k - a scroll of blinking {unknown}
Potions
 g - a potion of heal wounds {unknown}
 i - a potion of ambrosia {unknown}


   Skills:
 + Level 2.4 Fighting
 + Level 3.0 Short Blades
 - Level 2.1 Throwing
 + Level 1.6 Dodging
 * Level 5.6 Stealth


You had one spell level left.
You didn't know any spells.
Your spell library was empty.

Dungeon Overview and Level Annotations

Branches:
Dungeon (1/15)

Altars:
Ignis


Innate Abilities, Weirdness & Mutations

You are small and have problems with some larger weapons.
You are completely attuned to the shadows.


Message History

You impale the dart slug!!
You kill the dart slug!
No target in view!
There is a dry fountain here.
You now have 15 gold pieces.
A frilled lizard comes into view.
Found a scroll labelled MOTON DEAD.
The frilled lizard hisses angrily.
You hit the frilled lizard.
You kill the frilled lizard!
No target in view!
h - a scroll labelled HOESEHI KOSEA
i - a bubbling white potion
f - 3 scrolls labelled MOTON DEAD (gained 1)
j - a scroll labelled LIMEET DOOCKI No target in view!
j - 2 scrolls labelled LIMEET DOOCKI (gained 1)
k - a scroll labelled YCUT XICRUUPS A goblin comes into view.
It is wielding a +1 dagger of electrocution.
The helpless goblin fails to defend itself.
You impale the goblin!!
You kill the goblin!
Your Short Blades skill increases to level 3!
No target in view!
You see here a +1 dagger of electrocution.
l - a +1 dagger of electrocution You hear the crackle of electricity.
l - a +1 dagger of electrocution (weapon)
You drop a +2 dagger.
Found a ring mail.
You see here 9 stones.
There is a faded altar of an unknown god here.
You cannot tell which god this altar belongs to.
Convert to them anyway?
Okay, then.
You cannot tell which god this altar belongs to.
Convert to them anyway?
Uppercase [Y]es or [N]o only, please.
You cannot tell which god this altar belongs to.
Convert to them anyway?
Ignis accepts your prayer! Ignis welcomes you!
Are you sure you want to abandon this character and quit the game? (Confirm with "yes".)

...# ####.....................#
...###........................#
.......##........♣♣♣..........#
................♣♣..♣.######.##
...............♣♣..♣♣.# #.###
......#.#..####♣...♣..♣♣♣♣♣♣...##
......#........♣..♣♣♣♣.....♣♣...#
#######........♣8......♣♣♣...♣#.#
#........♣@..⌠.♣♣♣ ♣♣♣♣.#.#
#........♣8.....♣♣ #.#..
#########♣..♣♣♣♣.♣♣♣ #.##.
♣♣.♣♣.♣...♣♣##..#.
♣♣.♣.♣♣♣♣.....†#. ♣.♣.# ######.#.
♣♣..# #... #### ####


There were no monsters in sight!

Vanquished Creatures
  A dart slug (D:1)
  2 goblins (D:1)
  A quokka (D:1)
  3 bats (D:1)
  A frilled lizard (D:1)
  A kobold (D:1)
9 creatures vanquished.

Notes
Turn   | Place    | Note
-------+----------+-------------------------------------------
     0 | D:1      | Gelion the Kobold Brigand began the quest for the Orb.
     0 | D:1      | Reached XP level 1. HP: 12/12 MP: 1/1
   266 | D:1      | Reached XP level 2. HP: 18/18 MP: 2/2
   277 | D:1      | Found a faded altar of an unknown god.
   415 | D:1      | Prayed at the altar of an unknown god.
   415 | D:1      | Became a worshipper of Ignis, the Dying Flame
   416 | D:1      | Quit the game

Illustrated notes

Levels and vault maps discovered:
D:1:      dpeg_arrival_tiny_j, layout_rooms,
          shapermc_ecumenical_altar_totnotflames

Skill      XL: |  1  2 |
---------------+-------+-----
Short Blades   | 3 |  3.0
Fighting       | |  2.4
Throwing       | |  2.1
Dodging        | |  1.6
Stealth        | |  5.6

Action                   || total
-------------------------++-------
Melee: Dagger            ||    16
 Stab: Sleeping          ||     5
Armor: Robe              ||     4
Dodge: Dodged            ||     8
